Map: Abyssal Reef LE

Players

Namshar - Winner!

  • Race: Zerg Zerg
  • League: Grandmaster
  • Spawn Location: 5:00

HeroMarine

  • Race: Terran Terran
  • League: Master
  • Spawn Location: 11:00

Event: HomeStory Cup XVI

VOD

Have the link to the VOD?

Description

Time

  • Played on: Nov. 10, 2017, 5:21 p.m.
  • Length: 14:33

All games in this series

Show
View Real Time Build Order
Export as new Build Order

Namshar Zerg - Winner!

Build Orders: Hatch First, Brood Lord Corruptor 

Get SALT Encoding   

  12  0:00  Drone  
  13  0:11  Overlord  
  13  0:16  Drone  
  14  0:30  Drone x2  
  16  0:37  Drone  
  17  0:51  Hatchery  
  17  0:54  Drone  
  17  0:57  Drone  
  18  1:07  Extractor  
  17  1:12  Spawning Pool  
  17  1:15  Drone  
  17  1:18  Drone  
  18  1:27  Drone  
  19  1:37  Overlord  
  19  1:48  Drone  
  20  1:58  Queen  
  20  1:59  Zergling x2  
  23  2:02  Queen  
  23  2:03  Zergling x2  
  23  2:08  Metabolic Boost  
  26  2:11  Drone  
  26  2:14  Drone  
  28  2:20  Drone  
  29  2:24  Drone  
  30  2:33  Overlord  
  30  2:34  Queen  
  32  2:41  Drone  
  33  2:44  Drone  
  33  2:46  Pneumatized Carapace  
  33  2:50  Drone  
  35  2:54  Drone  
  35  2:56  Drone  
  37  3:05  Drone  
  38  3:15  Drone x2  
  38  3:17  Drone x2  
  42  3:20  Drone x2  
  42  3:23  Overlord  
  44  3:32  Hatchery  
  43  3:37  Drone  
  44  3:43  Roach Warren  
  44  3:45  Queen  
  44  3:48  Overlord, Drone x4  
  49  3:50  Drone  
  49  3:52  Zergling x2  
  52  3:55  Zergling x2  
  52  4:02  Overlord x2  
  52  4:06  Extractor x2  
  50  4:10  Evolution Chamber  
  50  4:11  Zergling x4  
  50  4:12  Zergling x2  
  52  4:19  Queen  
  54  4:36  Overlord  
  52  4:39  Roach x7  
  52  4:45  Overlord  
  66  4:48  Queen  
  68  4:57  Zerg Ground Armor Level 1  
  68  5:04  Drone  
  68  5:05  Drone x3  
  68  5:06  Drone x2  
  74  5:12  Overlord  
  74  5:16  Roach x3  
  74  5:18  Drone x2  
  74  5:19  Drone  
  83  5:24  Overlord, Drone  
  84  5:28  Roach  
  84  5:29  Roach  
  84  5:33  Overlord  
  88  5:35  Lair  
  88  5:42  Ravager  
  89  5:43  Ravager  
  89  5:46  Evolution Chamber, Drone  
  89  5:47  Drone x4  
  94  6:03  Overlord, Drone x4  
  94  6:04  Overlord  
  98  6:12  Drone x4  
  98  6:15  Extractor  
  98  6:16  Extractor  
  100  6:23  Zerg Missile Weapons Level 1  
  100  6:24  Drone  
  100  6:25  Extractor  
  99  6:28  Drone  
  99  6:29  Drone x5  
  99  6:31  Queen  
  105  6:35  Queen, Glial Reconstitution  
  105  6:36  Hatchery  
  106  6:42  Queen  
  108  6:47  Drone  
  108  6:48  Drone  
  108  6:50  Drone x4  
  114  6:55  Infestation Pit, Zerg Ground Armor Level 2  
  114  7:00  Ravager x2  
  114  7:01  Ravager  
  115  7:04  Roach x3  
  121  7:13  Overlord x2  
  121  7:27  Overseer  
  121  7:32  Drone x7  
  121  7:33  Roach, Drone  
  121  7:35  Hive, Drone  
  121  7:37  Burrow, Spire  
  131  7:40  Roach  
  131  7:41  Roach x2  
  137  7:47  Overlord x4  
  137  7:55  Drone  
  137  7:56  Spore Crawler  
  137  7:58  Spore Crawler, Drone  
  138  8:00  Extractor x2  
  138  8:02  Roach  
  138  8:03  Roach x3  
  138  8:04  Overlord x2  
  143  8:09  Ravager x3  
  146  8:13  Roach  
  146  8:14  Roach x4  
  146  8:16  Ravager  
  141  8:39  Roach x7  
  155  8:48  Overlord  
  155  8:50  Drone  
  155  8:54  Greater Spire  
  156  8:58  Infestor x3  
  162  9:03  Zerg Melee Weapons Level 1  
  162  9:05  Drone x2, Hatchery  
  162  9:07  Baneling Nest, Drone x2  
  162  9:09  Evolution Chamber, Drone x3  
  167  9:10  Drone  
  167  9:14  Infestor x3  
  167  9:16  Spore Crawler  
  166  9:24  Drone  
  167  9:26  Spore Crawler, Drone  
  167  9:30  Spore Crawler  
  164  9:33  Roach x11  
  164  9:35  Corruptor  
  164  9:36  Corruptor  
  187  9:40  Corruptor  
  187  9:41  Corruptor  
  188  9:51  Corruptor x3  
  194  9:58  Corruptor x2  
  190  10:19  Brood Lord x2  
  194  10:26  Zerg Flyer Weapons Level 1  
  194  10:28  Extractor, Drone  
  191  10:29  Extractor, Drone x6  
  191  10:33  Brood Lord  
  196  10:37  Brood Lord  
  194  10:44  Brood Lord  
  190  10:50  Brood Lord  
  190  11:00  Zerg Melee Weapons Level 2  
  190  11:02  Zergling x12  
  190  11:03  Zergling x8  
  200  11:07  Zerg Ground Armor Level 3  
  200  11:20  Brood Lord x2  
  200  11:24  Centrifical Hooks  
  197  11:47  Zerg Missile Weapons Level 2  
  197  11:51  Ultralisk Cavern, Drone  
  197  11:52  Queen, Adrenal Glands, Drone  
  188  12:11  Queen x2  
  188  12:12  Queen x2  
  184  12:23  Infestor x3  
  184  12:29  Queen  
  169  12:34  Corruptor x4  
  167  12:45  Chitinous Plating  
  167  12:46  Queen x2  
  171  12:55  Overlord x2  
  171  12:56  Ultralisk x2  
  171  12:57  Ultralisk x2  
  195  13:05  Pathogen Glands  
  195  13:23  Zergling x8  
  199  13:39  Corruptor x4  
  199  13:41  Baneling  
  199  13:42  Baneling x7  
  199  13:54  Ravager  
Show
View Real Time Build Order
Export as new Build Order

HeroMarine Terran 

Build Orders: Gas First Reaper Expand, Reaper Expand, Bio Tank 

Get SALT Encoding   

  12  0:00  SCV  
  13  0:12  SCV  
  14  0:19  Supply Depot  
  14  0:25  SCV  
  15  0:35  Refinery  
  15  0:40  SCV  
  16  0:44  Barracks  
  16  0:52  SCV  
  17  1:05  SCV  
  18  1:17  SCV  
  19  1:31  Reaper, Orbital Command  
  20  1:42  Command Center  
  20  1:55  Factory  
  20  1:57  SCV  
  21  2:04  Refinery  
  21  2:09  SCV  
  21  2:13  Barracks Reactor  
  21  2:14  Supply Depot  
  22  2:21  SCV  
  23  2:36  SCV  
  24  2:42  Starport  
  24  2:48  SCV  
  24  2:49  Marine x2  
  27  2:53  Widow Mine  
  27  2:55  Orbital Command  
  29  3:00  SCV  
  30  3:07  Marine x2  
  30  3:12  SCV  
  33  3:19  Medivac  
  35  3:21  SCV  
  35  3:24  SCV  
  35  3:25  Marine x2  
  39  3:27  Factory Tech Lab  
  39  3:33  SCV  
  40  3:36  SCV  
  40  3:37  Supply Depot  
  41  3:45  SCV  
  42  3:48  SCV  
  42  3:54  Hellion, Barracks Tech Lab  
  45  3:57  SCV  
  45  3:58  Viking  
  45  3:59  Supply Depot, Hellion  
  45  4:00  SCV  
  51  4:09  SCV  
  52  4:12  Marine  
  52  4:13  SCV  
  54  4:21  Hellion x2, SCV  
  59  4:25  SCV  
  60  4:34  SCV  
  60  4:37  SCV  
  60  4:38  Command Center  
  62  4:50  Supply Depot, Barracks  
  62  4:51  Barracks  
  62  4:53  SCV x2  
  62  4:54  Factory Reactor  
  62  5:05  Bunker  
  62  5:09  Supply Depot  
  62  5:12  Siege Tank, SCV x2, Banshee, Marine x2  
  72  5:19  Supply Depot  
  72  5:24  SCV x2  
  72  5:25  Supply Depot  
  74  5:29  Marine x2  
  76  5:37  Barracks Tech Lab  
  77  5:44  Siege Tank  
  77  5:47  Command Center, Marine x2  
  77  5:49  Engineering Bay  
  80  5:50  Engineering Bay  
  80  6:01  SCV x2  
  80  6:02  Stimpack, Marine  
  80  6:05  Marine x2  
  80  6:08  Starport Reactor  
  80  6:10  Refinery  
  80  6:11  Refinery  
  80  6:13  SCV x2  
  80  6:16  Terran Infantry Weapons Level 1, Terran Infantry Armor Level 1  
  82  6:20  Marine  
  82  6:22  Siege Tank  
  82  6:23  Marine  
  86  6:25  SCV x2  
  86  6:29  Marine  
  86  6:30  Supply Depot  
  86  6:31  Supply Depot  
  86  6:37  SCV  
  86  6:38  SCV, Marine  
  89  6:41  Marine  
  89  6:42  Supply Depot  
  90  6:50  SCV x2  
  90  6:53  Medivac x2, Marine  
  90  6:54  Siege Tank  
  100  6:55  Marine  
  101  7:02  Orbital Command  
  101  7:04  SCV  
  101  7:05  SCV  
  101  7:06  Marine  
  101  7:08  Barracks x2  
  104  7:11  Barracks, Marine  
  104  7:13  Armory, Marine  
  106  7:16  SCV  
  107  7:24  Marine  
  107  7:26  SCV  
  107  7:29  SCV, Marine  
  108  7:30  Medivac x2  
  108  7:31  Marine  
  108  7:35  Orbital Command  
  113  7:38  SCV  
  113  7:39  Refinery  
  113  7:40  Refinery, Factory  
  113  7:41  SCV, Marine  
  116  7:46  Marine  
  116  7:49  Siege Tank, Marine  
  116  7:50  SCV  
  122  7:53  SCV  
  123  7:59  Marine  
  123  8:03  Combat Shields, SCV  
  123  8:04  Supply Depot, SCV, Marine  
  123  8:05  Supply Depot, SCV  
  128  8:07  Marine  
  129  8:15  Marauder, SCV  
  129  8:16  Barracks Reactor  
  129  8:17  Marine  
  132  8:22  Marine  
  132  8:23  SCV x2  
  127  8:30  Medivac x2, Marauder  
  127  8:31  Siege Tank  
  131  8:37  Marauder  
  133  8:42  Marine  
  133  8:43  Marine  
  134  8:49  Factory  
  134  8:51  Marauder  
  134  8:55  Marine x2  
  138  8:57  Command Center, Barracks Reactor  
  138  8:58  Marauder  
  138  9:00  Concussive Shells  
  138  9:02  Factory Tech Lab  
  139  9:10  Siege Tank  
  139  9:11  Barracks  
  139  9:12  Marauder, Barracks  
  139  9:13  Barracks  
  139  9:14  Marine x2  
  139  9:15  Marine x2  
  148  9:19  Marauder  
  154  9:32  Marine x2  
  154  9:33  Supply Depot  
  154  9:34  Factory Tech Lab  
  154  9:35  Supply Depot  
  154  9:36  Supply Depot  
  154  9:37  Marauder  
  157  9:39  Marine  
  157  9:41  Marine  
  157  9:44  Starport x2  
  156  9:54  Marauder, Viking x2, Siege Tank x2  
  156  9:57  SCV  
  156  9:58  Terran Infantry Weapons Level 2, Terran Infantry Armor Level 2  
  165  10:02  Marine x2  
  165  10:06  Marauder  
  168  10:14  Planetary Fortress  
  166  10:16  Marauder, Barracks Reactor  
  166  10:17  Marine x3  
  166  10:18  Barracks Tech Lab  
  166  10:21  SCV x2  
  172  10:22  SCV  
  172  10:24  Marine  
  172  10:26  Siege Tank  
  178  10:31  Marine  
  178  10:32  Marine  
  178  10:33  SCV  
  178  10:35  Viking  
  179  10:36  Refinery  
  179  10:37  Refinery, Viking x2  
  179  10:38  Viking  
  179  10:42  Siege Tank  
  184  10:44  Marauder  
  184  10:52  Marauder x2  
  188  11:00  Command Center  
  188  11:02  Ghost Academy  
  188  11:03  Barracks Reactor  
  188  11:04  Terran Ship Weapons Level 1  
  188  11:07  Supply Depot  
  188  11:11  Sensor Tower  
  188  11:12  Sensor Tower  
  188  11:22  Viking x3  
  188  11:23  Viking  
  195  11:44  Marauder x2  
  199  11:57  Barracks Tech Lab x2  
  199  12:08  Marauder x2  
  178  12:12  Marauder, Marine  
  159  12:17  Siege Tank x2  
  159  12:18  Marine  
  159  12:19  Marauder x2, Viking x2, Marine x2  
  163  12:26  Marine x2  
  163  12:29  Marauder  
  148  12:30  Marauder, Marine  
  148  12:33  Marine  
  148  12:36  Marine x2  
  140  12:38  Marine  
  138  12:47  Viking x4  
  138  12:49  Viking  
  148  12:53  SCV x3  
  147  12:59  Siege Tank x2  
  153  13:08  Ghost x3  
  159  13:18  Ghost  
  161  13:21  Ghost  
  161  13:23  Planetary Fortress  
  161  13:26  Refinery  
  161  13:27  Refinery  
  162  13:28  Missile Turret  
  162  13:33  Siege Tank  
  165  13:35  Siege Tank  
  168  13:43  Ghost x2  
  170  13:53  Ghost  
  157  14:04  Marauder, Marine x3  
  157  14:05  Marine x2  
  157  14:06  Marauder  
  157  14:08  Marine  
Tags
 
Add a new tag
Caveats
  • Supply blocks, unpowered buildings, or Contaminate may cause inaccurate times.
  • Supply counts are checked every 10 seconds.